 Dungeon Crawl Stone Soup version 0.30.0-11-gf55b779eaf (webtiles) character file.

Game seed: 13936541152685543095

42 gelatine the Trooper (level 3, 0/29 HPs)
             Began as a Demonspawn Berserker on May 17, 2023.
             Was a Believer of Trog.
             Slain by a worm (7 damage)
             ... on level 2 of the Dungeon.
             The game lasted 00:02:02 (869 turns).

gelatine the Trooper (Demonspawn Berserker)          Turns: 869, Time: 00:02:02

Health: 0/29       AC:  3    Str: 19    XL:     3   Next: 33%
Magic:  3/3        EV: 12    Int:  8    God:    Trog [**....]
Gold:   81         SH:  0    Dex: 12    Spells: 2/2 levels left

rFire   . . .        a - +0 hand axe
rCold   . . .        (no shield)
rNeg    . . .        f - +0 leather armour
rPois   .            (no helmet)
rElec   .            (no cloak)
rCorr   .            (no gloves)
SInv    +            (no boots)
Will    .....        e - amulet of regeneration
Stlth   +            j - ring of see invisible
HPRegen 1.04/turn    (no ring)
MPRegen 0.08/turn

%: no passive effects
@: no status effects
A: demonic magic 2
a: Renounce Religion, Berserk, Trog's Hand


You were on level 2 of the Dungeon.
You worshipped Trog.
Trog was pleased with you.
You visited 1 branch of the dungeon, and saw 2 of its levels.

You collected 81 gold pieces.

Inventory:

Hand Weapons
 a - a +0 hand axe (weapon)
Armour
 b - a +0 animal skin
 f - a +0 leather armour (worn)
 g - a +0 ring mail
Jewellery
 e - an amulet of regeneration (around neck)
 j - a ring of see invisible (left hand)
Scrolls
 c - a scroll of vulnerability {unknown}
 i - a scroll of fog {unknown}
 l - a scroll of blinking {unknown}
Potions
 d - a potion of mutation {unknown}
 h - a potion of resistance {unknown}
 k - a potion of curing {unknown}


   Skills:
 * Level 3.3 Fighting
 * Level 3.2 Axes
 * Level 2.0 Armour
 * Level 2.3 Dodging
 + Level 0.3 Stealth


You had 2 spell levels left.
You didn't know any spells.
Your spell library was empty.

Dungeon Overview and Level Annotations

Branches:
Dungeon (2/15)

Altars:


Innate Abilities, Weirdness & Mutations

Spells you cast may paralyse nearby enemies.


Message History

There is a stone staircase leading down here.
You now have 81 gold pieces (gained 12).
A worm comes into view.
You hit the worm.
The worm is lightly wounded.
You slash the worm!
The worm is heavily wounded.
The worm bites you.
You slash the worm!
The worm is almost dead.
The worm closely misses you.
You hit the worm.
You kill the worm!
Trog accepts your kill.
Found a stone staircase leading down.
HP restored.
Found 7 stones.
A worm comes into view.
A kobold comes into view. It is wielding a +0 short sword.
The helpless kobold fails to defend itself.
You hit the kobold.
The kobold is heavily wounded.
The kobold hits you with a +0 short sword.
You slash the kobold!
You kill the kobold!
Trog accepts your kill.
You see here a +0 short sword.
The worm bites you!
You completely miss the worm. You slash the worm!
The worm is heavily wounded.
The worm bites you!
You hit the worm.
The worm is heavily wounded.
The worm bites you!
* * * LOW HITPOINT WARNING * * *
You hit the worm.
The worm is severely wounded.
The worm bites you!
You die...

#.# #..# #.# #..# #.#
######..# #.# #...##..#
#.# #...##..# #
#.###...##..# #####.###
#...........####.(......
##...............w...#
.......>....####@#####
#####...###.# #)# #...#
#.# #.# #...# #.# #.#
##### #.# #.. #.# ###
#.# ... ...


You could see a worm.

Vanquished Creatures
  2 worms (D:2)
  3 endoplasms (D:1)
  A giant cockroach (D:1)
  6 goblins (D:1)
  3 hobgoblins
  2 jackals (D:1)
  A kobold (D:2)
  2 quokkas (D:1)
  5 ball pythons
  5 bats (D:1)
  3 rats (D:1)
33 creatures vanquished.

Notes
Turn   | Place    | Note
-------+----------+-------------------------------------------
     0 | D:1      | gelatine the Demonspawn Berserker began the quest for the
                  | Orb.
     0 | D:1      | Reached XP level 1. HP: 18/18 MP: 1/1
   180 | D:1      | Gained mutation: Spells you cast may paralyse adjacent
                  | enemies. [demonic ancestry]
   180 | D:1      | Reached XP level 2. HP: 18/24 MP: 2/2
   680 | D:1      | Reached ** piety under Trog
   713 | D:1      | Gained mutation: Spells you cast may paralyse nearby
                  | enemies. [demonic ancestry]
   713 | D:1      | Reached XP level 3. HP: 29/29 MP: 3/3
   869 | D:2      | Slain by a worm

Illustrated notes

Levels and vault maps discovered:
D:1:      onia_arrival_pyramid, layout_rooms, minivault_27,
          minmay_close_crescents
D:2:      layout_loops_ring, ebering_ecumenical_altar_sacrificial

Skill      XL: |  1  2 |
---------------+-------+-----
Axes           | 3 |  3.2
Dodging        | 2 |  2.3
Armour         | 2 |  2.0
Fighting       | |  3.3
Stealth        | |  0.3

Action                     || total
---------------------------++-------
  Melee: Hand axe          ||    80
   Stab: Sleeping          ||     2
 Armour: Animal skin       ||     3
         Leather armour    ||    12
  Dodge: Dodged            ||    45
